 Dungeon Sprint DCSS version 0.28.0-53-g5a82cb258f (webtiles) character file.

Game seed: 1602054631729986000

5237 Zeld the Warrior (level 10, -5/111 HPs)
             Began as a Minotaur Berserker on June 5, 2022.
             Was a High Priest of Trog.
             Slain by an orc knight
             ... wielding a +0 great mace
              (9 damage)
             ... in the Dungeon (Sprint VII: "The Pits").
             The game lasted 00:02:49 (2226 turns).

Zeld the Warrior (Minotaur Berserker)               Turns: 2226, Time: 00:02:50

Health: -5/111     AC: 18    Str: 26    XL:     10   Next: 35%
Magic:  9/9        EV: 11    Int:  4    God:    Trog [*****.]
Gold:   0          SH:  0    Dex: 10    Spells: 9/9 levels left

rFire   . . .      SeeInvis .   k - +2 war axe (vorpal)
rCold   . . .      Faith    .   (no shield)
rNeg    . . .      Spirit   .   b - +3 plate armour
rPois   .          Reflect  .   (helmet restricted)
rElec   .          Harm     .   (no cloak)
rCorr   .          Rampage  .   (no gloves)
Will    ++...      NoTele   +   (no boots)
Stlth   ..........              (no amulet)
HPRegen 1.28/turn               (no ring)
MPRegen 0.11/turn               (no ring)

@: strong-willed, on berserk cooldown, regenerating
A: horns 2, retaliatory headbutt
a: Renounce Religion, Berserk, Trog's Hand, Brothers in Arms


You were in the Dungeon.
You worshipped Trog.
Trog was extremely pleased with you.
You visited 1 branch

Inventory:

Hand Weapons
 a - a +0 battleaxe
 k - a +2 vorpal war axe (weapon)
Armour
 b - a +3 plate armour (worn)
Potions
 c - 6 potions of curing
 d - 4 potions of heal wounds
 e - a potion of haste
 f - 4 potions of magic
 g - 3 potions of berserk rage
 i - 2 potions of invisibility


   Skills:
 * Level 17.3 Fighting
 * Level 17.2 Axes
 + Level 12.5 Armour
 + Level 11.3 Dodging


You had 9 spell levels left.
You didn't know any spells.
Your spell library was empty.

Dungeon Overview and Level Annotations

Branches:
Dungeon (1/1)

Altars:
Ashenzari
Cheibriados
Dithmenos
Elyvilon
Fedhas
Gozag
Hepliaklqana
Kikubaaqudgha
Makhleb
Nemelex Xobeh
Okawaru
Qazlal
Ru
Sif Muna
Trog
Uskayaw
Vehumet
Wu Jian
Xom
Yredelemnul
Zin
The Shining One
Beogh
Jiyva
Lugonu


Innate Abilities, Weirdness & Mutations

You have a pair of horns on your head.
You reflexively headbutt those who attack you in melee.


Message History

* * * LOW HITPOINT WARNING * * *
The manticore claws you.
* * * LOW HITPOINT WARNING * * *
The manticore claws you.
* * * LOW HITPOINT WARNING * * *
The orc knight hits you but does no damage.
Unknown command.
You feel much better.
An orc wizard appears from thin air!
Reactivating autopickup.
The manticore bites you! The manticore claws you. x2
* * * LOW HITPOINT WARNING * * *
The orc warrior completely misses you.
The orc knight hits you but does no damage.
The orc wizard hits you but does no damage.
The manticore bites you but does no damage.
The manticore closely misses you.
The manticore claws you but does no damage.
The orc closely misses you. You furiously retaliate!
You headbutt the orc.
The orc warrior hits you but does no damage.
Unknown command.
Your skin crawls.
You feel strong-willed.
The orc knight hits you with a +0 great mace!
* * * LOW HITPOINT WARNING * * *
The orc wizard hits you but does no damage.
The manticore closely misses you.
The manticore claws you but does no damage.
The manticore barely misses you.
The orc warrior hits you from afar with a +0 halberd!
* * * LOW HITPOINT WARNING * * *
The orc knight roars a battlecry!
The orc goes into a battle-frenzy!
Unknown command.
Your troll goes berserk!
You feel yourself speed up.
The orc wizard hits you but does no damage.
The manticore bites you but does no damage.
The manticore closely misses you. x2; The orc warrior barely misses you.
The orc knight hits you with a +0 great mace!
You die...

))'.##......#..#......#
###.##................+
.....'................+
'#####......#..#......#
.#..##................#
.'..#####'#####''######
##)###.......##T'### ###
....##.......##....##..+
....##.......##o@o##...#
'#####...<...##H{##...#
))..##.......##oo#...#
))..##.......##.o))m##
######.......##.##).#
.#..#############ooo'.
.#.########### #..o.#...
.#.#....#..[[##..#..##..
.#)#)...#![=[##.###.. #.


You could see an orc knight, a manticore, an orc warrior (strong), an orc wizard
(strong, ally target), 2 orcs and a friendly troll (summoned, berserk).

Vanquished Creatures
  A merfolk avatar (D)
  A two-headed ogre (D)
  A death yak (D)
  A flayed ghost (D)
  A sea snake (D)
  A gargoyle (D)
  A flying skull (D)
  A ynoxinul (D)
  A fire bat (D)
  A floating eye (D)
  Pargi (D)
  A necrophage (D)
  A wolf (D)
  A centaur (D)
  A scorpion (D)
  3 wights (D)
  An orc priest (D)
  2 adders (D)
  A river rat (D)
  4 orcs (D)
  A bat (D)
  A bat skeleton (D)
  An endoplasm (D)
  A giant cockroach (D)
  A hobgoblin (D)
  3 kobolds (D)
  A quokka (D)
  A ball python (D)
36 creatures vanquished.

Vanquished Creatures (collateral kills)
  An orc knight (D)
  A merfolk siren (D)
  An ice beast (D)
  2 orc warriors (D)
  An orc wizard (D)
6 creatures vanquished.

Grand Total: 42 creatures vanquished

Notes
Turn   | Place    | Note
-------+----------+-------------------------------------------
     0 | D        | Zeld the Minotaur Berserker began the quest for the Orb.
     0 | D        | Reached XP level 1. HP: 19/19 MP: 0/0
    17 | D        | Reached XP level 2. HP: 28/28 MP: 1/1
    69 | D        | Found a bloodstained altar of Trog.
    69 | D        | Found a shimmering blue altar of Sif Muna.
    69 | D        | Found a viscous altar of Jiyva.
    69 | D        | Found a hazy altar of Hepliaklqana.
    69 | D        | Found an opulent altar of Gozag.
    70 | D        | Found a glowing golden altar of the Shining One.
    70 | D        | Found a glowing silver altar of Zin.
    70 | D        | Found a basalt altar of Yredelemnul.
    70 | D        | Found a shimmering altar of Xom.
    70 | D        | Found an ornate altar of the Wu Jian Council.
    70 | D        | Found a sacrificial altar of Ru.
    70 | D        | Found a stormy altar of Qazlal.
    70 | D        | Found an iron altar of Okawaru.
    70 | D        | Found a sparkling altar of Nemelex Xobeh.
    70 | D        | Found a burning altar of Makhleb.
    70 | D        | Found a blossoming altar of Fedhas.
    70 | D        | Found a white marble altar of Elyvilon.
    70 | D        | Found a shadowy altar of Dithmenos.
    70 | D        | Found a snail-covered altar of Cheibriados.
    72 | D        | Found a corrupted altar of Lugonu.
    72 | D        | Found a radiant altar of Vehumet.
    73 | D        | Found an ancient bone altar of Kikubaaqudgha.
    73 | D        | Found a hide-covered altar of Uskayaw.
    73 | D        | Found a broken altar of Ashenzari.
   161 | D        | Noticed a floating eye
   164 | D        | Paralysed by a floating eye for 2 turns
   166 | D        | Killed a floating eye
   166 | D        | Reached ** piety under Trog
   167 | D        | Reached skill level 5 in Armour
   167 | D        | Reached XP level 3. HP: 33/39 MP: 2/2
   167 | D        | Reached XP level 4. HP: 40/47 MP: 3/3
   316 | D        | Noticed a scorpion
   320 | D        | Killed a scorpion
   321 | D        | Reached skill level 5 in Dodging
   321 | D        | Reached XP level 5. HP: 55/55 MP: 4/4
   322 | D        | Reached *** piety under Trog
   836 | D        | Noticed a wolf
   836 | D        | Noticed a flying skull
   847 | D        | Killed a wolf
   847 | D        | Reached **** piety under Trog
   848 | D        | Reached XP level 6. HP: 66/66 MP: 5/5
   854 | D        | Reached skill level 10 in Fighting
   854 | D        | Reached skill level 10 in Axes
   855 | D        | Killed a flying skull
   859 | D        | Reached XP level 7. HP: 72/74 MP: 6/6
   880 | D        | Reached ***** piety under Trog
  1176 | D        | Noticed a death yak
  1183 | D        | Killed a death yak
  1184 | D        | Reached XP level 8. HP: 71/86 MP: 7/7
  1321 | D        | Noticed a flayed ghost
  1321 | D        | Noticed a gargoyle
  1327 | D        | Killed a flayed ghost
  1327 | D        | Received a gift from Trog
  1328 | D        | Reached skill level 10 in Armour
  1334 | D        | Killed a gargoyle
  1335 | D        | Reached XP level 9. HP: 31/96 MP: 8/8
  1911 | D        | Noticed Pargi
  1924 | D        | Killed Pargi
  1926 | D        | Noticed a merfolk avatar
  1932 | D        | Killed a merfolk avatar
  1932 | D        | Reached ****** piety under Trog
  1933 | D        | Reached skill level 15 in Fighting
  1933 | D        | Reached skill level 15 in Axes
  1933 | D        | Reached skill level 10 in Dodging
  2184 | D        | Noticed a two-headed ogre
  2185 | D        | Noticed an orc knight
  2187 | D        | Received a gift from Trog
  2188 | D        | Noticed a merfolk siren
  2189 | D        | Killed a two-headed ogre
  2190 | D        | Noticed an orc knight
  2191 | D        | Noticed a manticore
  2200 | D        | Killed an orc knight
  2201 | D        | Reached XP level 10. HP: 63/108 MP: 9/9
  2206 | D        | Noticed a sea snake
  2210 | D        | Received a gift from Trog
  2215 | D        | Killed a sea snake
  2216 | D        | Killed a merfolk siren
  2225 | D        | HP: 2/111 [orc warrior/+0 halberd[an orc knight] (14)]
  2226 | D        | Slain by an orc knight

Illustrated notes

Levels and vault maps discovered:
D:        pitsprint [storerooms_1, entrance_room_1, metal_vault_7, armoury_2,
          mini_pit_1, grid_room_1, main_hall_1, silver_pit, the_coven_1,
          the_vestibule_1, steel_vault_3, golden_pit, hallway_of_sentries,
          crystal_vault_4, iron_vault_2, final_vault]

Skill      XL: |  1  2  3  4  5  6  7  8  9 10 |
---------------+-------------------------------+-----
Fighting       | 4 7 8 9 11 13 14 16 17 | 17.3
Axes           | 4 7 8 9 11 13 14 16 17 | 17.2
Armour         | 3 5 6 7 9 10 11 12 | 12.5
Dodging        | 4 5 6 7 8 9 10 11 | 11.3

Action                   |  1- 3 |  4- 6 |  7- 9 | 10-12 || total
-------------------------+-------+-------+-------+-------++-------
Melee: Hand axe          |    11 |    21 |    12 |       ||    44
       Headbutt          |     1 |     6 |    13 |     2 ||    22
       Battleaxe         |       |       |    23 |       ||    23
       War axe           |       |       |    26 |     6 ||    32
Invok: Berserk           |     1 |     2 |     3 |       ||     6
       Trog's Hand       |       |       |     1 |     1 ||     2
       Brothers in Arms  |       |       |       |     3 ||     3
  Use: Potion            |       |       |     2 |     6 ||     8
       Scroll            |       |       |     2 |       ||     2
Armor: Animal skin       |     3 |     1 |       |       ||     4
       Chain mail        |       |     3 |    13 |       ||    16
       Plate armour      |       |       |    17 |    19 ||    36
Dodge: Dodged            |     8 |    11 |    37 |    16 ||    72
